AoeStats
← facundoacuna1227

Four Lakes

509261052Analyzed
1v1 RM · 7d ago on Sep 26, 2026· 36m 14s· 2 players
Game mode
Random Map
Map size
Tiny (2 player)
Population
200
Speed
Normal
Resources
Standard
Victory
Conquest
Starting age
Dark Age
Ending age
Imperial Age
RankedLock teamsTeams togetherTeam positionsShared explorationLock speedFull tech treeHidden civsTurbo modeCheats
Victory
Defeat
🇯🇵 Italians · Japan
915
+15
🇲🇽 Slavs · Mexico
890
-24
facundoacuna1227
3:58 Loom
10:37 Feudal Age
10:58 Horse Collar
11:05 Double-Bit Axe
20:58 Castle Age
21:26 Scale Mail Armor
21:41 Forging
21:07 Pikeman
21:47 Squires
22:58 Bow Saw
22:50 Heavy Plow
25:27 Padded Archer Armor
30:14 Chain Mail Armor
29:50 Fletching
33:40 Bodkin Arrow
37:02 Imperial Age
35:16 Detinets
sho
0:28 Loom
11:46 Feudal Age
12:38 Double-Bit Axe
15:49 Castle Age
14:20 Gold Mining
14:23 Stone Mining
14:22 Horse Collar
18:29 Bow Saw
28:35 Fletching
28:46 Padded Archer Armor
29:33 Wheelbarrow
31:25 Bodkin Arrow
34:04 Imperial Age
34:53 Bracer
Connection lost

Rejoining the realm…

Still unreachable

The connection could not be restored.

Session expired

The server has moved on; the page needs a fresh start.